 Dungeon Crawl Stone Soup version 0.26-a0-812-g31a745ddcd (webtiles) character file.

Game seed: 5982152399130103531

6759 kae the Destroyer (level 11, -1/120 HPs)
             Began as an Octopode Conjurer on Nov 24, 2020.
             Was a Believer of Vehumet.
             Slain by Gastronok (14 damage)
             ... on level 9 of the Dungeon.
             The game lasted 00:10:32 (9566 turns).

kae the Destroyer (Octopode Conjurer)               Turns: 9566, Time: 00:10:33

Health: -1/120     AC: 25    Str:  7    XL:     11   Next: 4%
Magic:  27/32      EV:  2    Int: 23    God:    Vehumet [**....]
Gold:   424        SH:  0    Dex: 11    Spells: 9/27 levels left

rFire    . . .     SeeInvis +   v - +2 falchion
rCold    . . .     Faith    .   (no shield)
rNeg     + + +     Spirit   .   (helmet currently unavailable)
rPois    +         Reflect  .   g - amulet of regeneration
rElec    .         Harm     .   d - ring of magical power
rCorr    .         Rampage  .   t - +4 ring of slaying
MR       .....     NoTele   +   u - ring of see invisible
Stlth    +++.......             (no ring)
HPRegen  0.70/turn              (no ring)
MPRegen  0.23/turn              (no ring)
                                (no ring)
                                (no ring)

@: tree-form, slowed, very slow
A: almost no armour, stealthy swim, (amphibious), 8 rings, (constrict 8)
a: Renounce Religion


You were on level 9 of the Dungeon.
You worshipped Vehumet.
Vehumet was pleased with you.
You were a tree.
You visited 2 branches of the dungeon, and saw 10 of its levels.
You also visited: Ossuary.

You collected 424 gold pieces.

Inventory:

Hand Weapons
 n - a -2 mace
 v - a +2 falchion (weapon)
Jewellery
 d - a ring of magical power (left branch)
 e - an uncursed amulet of reflection
 g - an amulet of regeneration (around neck)
 t - a +4 ring of slaying (right branch)
 u - a ring of see invisible (on tentacle)
Wands
 j - a wand of flame (14)
 o - a wand of paralysis (12)
 r - a wand of iceblast (25)
Scrolls
 b - 5 scrolls of teleportation
 h - 7 scrolls of remove curse
 p - a scroll of fog
 w - a scroll of identify
 x - a scroll of blinking {unknown}
 y - a scroll of amnesia
 z - a scroll of enchant weapon
Potions
 a - 3 potions of mutation
 c - 3 potions of curing
 f - 2 potions of resistance {unknown}
 i - 4 potions of brilliance {unknown}
 k - 2 potions of flight
 l - 4 potions of ambrosia {unknown}
 m - a potion of magic {unknown}
 s - a potion of haste


   Skills:
 * Level 9.2 Fighting
 + Level 6.7 Dodging
 + Level 6.8 Stealth
 * Level 8.7 Spellcasting
 * Level 10.0 Conjurations
 + Level 0.6 Hexes


You had 9 spell levels left.
You knew the following spells:

 Your Spells              Type           Power        Failure   Level
a - Magic Dart            Conj           ####         1%          1
b - Searing Ray           Conj           ######       1%          2
c - Dazzling Flash        Conj/Hex       ####..       2%          3
d - Blink                 Tloc           N/A          10%         2
e - Fulminant Prism       Conj/Hex       ####......   7%          4
f - Iskenderun's Mystic   Conj/Tloc      ####....     9%          4
g - Slow                  Hex            ##......     8%          2

Your spell library contained the following spells:

 Spells                   Type           Power        Failure   Level
 Freeze                   Ice            ##..         6%          1
 Conjure Flame            Conj/Fire      ####....     2%          3
 Mephitic Cloud           Conj/Pois/Air  ####....     4%          3
 Call Imp                 Summ           ##......     10%         2
 Cause Fear               Hex            ##........   43%         4
 Silence                  Hex/Air        ##........   83%         5
 Yara's Violent Unravell  Hex/Tmut       ##........   83%         5
 Discord                  Hex            ##........   100%        8


Dungeon Overview and Level Annotations

Branches:
Dungeon (9/15)             Temple (1/1) D:7            Lair (0/6) D:8
Ossuary (visited)
    Orc: D:9-12

Altars:
Ashenzari
Cheibriados
Dithmenos
Elyvilon
Fedhas
Gozag
Hepliaklqana
Kikubaaqudgha
Makhleb
Nemelex Xobeh
Okawaru
Qazlal
Ru
Sif Muna
Trog
Uskayaw
Vehumet
Wu Jian
Xom
Yredelemnul
Zin
The Shining One

Annotations:
D:6 1 runed translucent door, Crazy Yiuf
D:9 4 runed translucent doors, Gastronok


Innate Abilities, Weirdness & Mutations

You cannot wear most types of armour.
You are very stealthy in the water. (Stealth+)
((You are amphibious.))
You can wear up to eight rings at the same time.
((You can use your tentacles to constrict eight enemies at once.))
((Your skin changes colour to match your surroundings (Stealth+).))
((Your rubbery body absorbs attacks. (AC +1, EV +1)))


Message History

Gastronok bites you!
The searing ray hits Gastronok!!
Gastronok is heavily wounded.
You finish channeling your searing ray.
Gastronok waves his eye-stalks in wide circles.
The air twists around and strikes you!!
* * * LOW HITPOINT WARNING * * *
Okay, then.
Really quaff the potion of lignification?
You turn into a tree.
Your roots penetrate the ground.
Casting: Searing Ray (safe; 1% risk of failure)
Confirm with . or Enter, or press ? or * to list all spells.
Aiming: Searing Ray (safe; 1% risk of failure)
Press: ? - help, Shift-Dir - straight line, f/p - Gastronok
Aim: Gastronok, wearing a +0 hat (heavily wounded)
The searing ray hits Gastronok!
Gastronok is heavily wounded. (Press . to maintain the ray.) Gastronok bites you!
You die...

.#####.#...#.#.#.#
.+.............#.#
.#####.#...#...#.#
.#####.#...###.#.#
.....#.###.###.#.#
.###.#.........#.#
...#.#.....##....#
...#.#.'#######'.#
.#.#.#.#...#...#♣#
.#.#.#.#...#...#w#
.#.#.###.......###
.# #.# ###._.###
.# #.###...)...###
## #.#.#...#...#.#
## #.#.#...#...#.#
.. #...'#######'.#
## #.............#


You could see Gastronok.

Vanquished Creatures
  A two-headed ogre (D:9)
  A death yak (D:8)
  An elephant (D:8)
  Psyche (D:8)
  A troll (D:9)
  Grinder (D:3)
  Prince Ribbit (D:7)
  Grum (D:8)
  2 black bears (D:8)
  3 ice beasts
  2 orc warriors (D:8)
  A necrophage (D:5)
  2 phantoms
  3 ogres
  2 wolves (D:8)
  4 centaurs
  An elf zombie (Ossuary)
  3 bullfrogs
  3 killer bees (D:7)
  2 scorpions
  2 howler monkeys (D:7)
  3 vampire bats (D:7)
  2 bullfrog zombies (D:8)
  A lava snake (D:8)
  3 centaur zombies (Ossuary)
  A jelly (D:8)
  2 human zombies (Ossuary)
  7 orc priests
  2 bullfrog skeletons
  3 hounds
  12 orc wizards
  An iguana (D:4)
  6 worker ants
  A killer bee zombie (D:8)
  A big kobold zombie (Ossuary)
  A hound skeleton (D:7)
  2 mummies (Ossuary)
  9 adders
  A gnoll (D:1)
  A shadow imp (D:8)
  3 white imps
  2 ufetubi
  3 oozes (D:4)
  2 adder zombies
  A worm (D:2)
  10 leopard geckos
  38 orcs
  A ball python (D:1)
  4 bats
  2 bat skeletons (D:7)
  3 bat zombies (D:7)
  3 giant cockroaches (D:2)
  3 goblins (D:1)
  6 hobgoblins
  4 jackals
  4 kobolds
  5 quokkas
  6 frilled lizards
  A goblin zombie (Ossuary)
  5 hobgoblin zombies (Ossuary)
  A jackal zombie (Ossuary)
  11 kobold zombies (Ossuary)
  11 orc zombies (Ossuary)
  5 rats
  A rat zombie (Ossuary)
232 creatures vanquished.

Vanquished Creatures (others)
  A hound (D:4)
  An orc wizard (D:4)
  4 fulminant prisms
  2 plants (D:8)
8 creatures vanquished.

Grand Total: 240 creatures vanquished

Notes
Turn   | Place    | Note
-------+----------+-------------------------------------------
     0 | D:1      | kae the Octopode Conjurer began the quest for the Orb.
     0 | D:1      | Reached XP level 1. HP: 11/11 MP: 3/3
   121 | D:1      | Reached XP level 2. HP: 18/18 MP: 0/5
   344 | D:1      | Reached skill level 1 in Fighting
   670 | D:1      | Reached XP level 3. HP: 23/23 MP: 4/6
  1292 | D:2      | Reached XP level 4. HP: 28/28 MP: 3/7
  2013 | D:3      | Noticed Grinder
  2017 | D:3      | Paralysed by Grinder for 4 turns
  2022 | D:3      | Paralysed by Grinder for 4 turns
  2050 | D:3      | Killed Grinder
  2050 | D:3      | Reached skill level 5 in Conjurations
  2050 | D:3      | Reached XP level 5. HP: 11/36 MP: 3/10
  2050 | D:3      | Reached XP level 6. HP: 13/41 MP: 3/11
  2169 | D:3      | Learned a level 2 spell: Searing Ray
  2821 | D:4      | Reached skill level 5 in Dodging
  2821 | D:4      | Reached skill level 8 in Conjurations
  2821 | D:4      | Reached XP level 7. HP: 36/54 MP: 17/17
  2934 | D:4      | Reached XP level 8. HP: 47/60 MP: 15/18
  3190 | D:4      | Found a shimmering blue altar of Sif Muna.
  3280 | D:4      | Found a shimmering altar of Xom.
  3336 | D:4      | Found a sand-covered staircase.
  3341 | Ossuary  | Entered an ossuary
  4490 | D:5      | Entered Level 5 of the Dungeon
  4742 | D:5      | Reached XP level 9. HP: 56/65 MP: 20/20
  4785 | D:5      | Reached skill level 5 in Stealth
  5305 | D:6      | Reached skill level 9 in Conjurations
  5612 | D:6      | Found a runed translucent door.
  5613 | D:6      | Noticed Crazy Yiuf
  5894 | D:7      | Found a staircase to the Ecumenical Temple.
  6140 | Temple   | Entered the Ecumenical Temple
  6219 | Temple   | Became a worshipper of Vehumet
  6382 | D:7      | Noticed Prince Ribbit
  6387 | D:7      | Killed Prince Ribbit
  6506 | D:7      | Found a hide-covered altar of Uskayaw.
  6770 | D:7      | Found an ancient bone altar of Kikubaaqudgha.
  6888 | D:8      | Noticed Psyche
  6932 | D:8      | Learned a level 3 spell: Dazzling Flash
  6935 | D:8      | Learned a level 2 spell: Blink
  6940 | D:8      | Learned a level 4 spell: Fulminant Prism
  6945 | D:8      | Learned a level 4 spell: Iskenderun's Mystic Blast
  6996 | D:8      | Noticed a death yak
  6996 | D:8      | Noticed an elephant
  7035 | D:8      | Killed Psyche
  7035 | D:8      | Reached XP level 10. HP: 57/72 MP: 17/22
  7281 | D:8      | Reached * piety under Vehumet
  7281 | D:8      | Offered knowledge of Shock by Vehumet.
  7287 | D:8      | Killed an elephant
  7565 | D:8      | Found a staircase to the Lair.
  7901 | D:8      | Found a bloodstained altar of Trog.
  8021 | D:8      | Noticed Grum
  8029 | D:8      | Killed Grum
  8237 | D:8      | Found a glowing golden altar of the Shining One.
  8488 | D:8      | Killed a death yak
  8784 | D:8      | Learned a level 2 spell: Slow
  9019 | D:9      | Found a runed translucent door.
  9020 | D:9      | Found a runed translucent door.
  9028 | D:9      | Noticed a two-headed ogre
  9038 | D:9      | Killed a two-headed ogre
  9038 | D:9      | Reached skill level 10 in Conjurations
  9038 | D:9      | Reached XP level 11. HP: 70/80 MP: 22/23
  9095 | D:9      | Found a runed translucent door.
  9250 | D:9      | Found a runed translucent door.
  9435 | D:9      | Found a sacrificial altar of Ru.
  9461 | D:9      | Offered knowledge of Freeze by Vehumet.
  9533 | D:9      | Reached ** piety under Vehumet
  9555 | D:9      | Noticed Gastronok
  9566 | D:9      | Slain by Gastronok

Illustrated notes

Levels and vault maps discovered:
D:1:      ncdulo_watergridlock, layout_basic
D:2:      layout_loops_corners
D:3:      layout_rooms, serial_curves, eino_curves_04, eino_curves_03,
          uniq_grinder
D:4:      layout_cave_pools, xom_confusion_cloud, lemuel_doored_altar,
          enter_ossuary_5, minmay_box_of_dots
D:5:      layout_cave_pools
D:6:      layout_cave_pools, kennysheep_small_square, uniq_crazy_yiuf_cottage
D:7:      layout_basic, kennysheep_vampire_church,
          nicolae_overflow_crystal_walls, minmay_temple_entry_steel_oval,
          uniq_prince_ribbit1
D:8:      layout_loops_ring, kennysheep_little_box, marbit_many_paths,
          david_lair_generic, grunt_ministairs_10, kennysheep_potato,
          uniq_psyche, uniq_grum
D:9:      layout_basic, nicolae_ru_great_annihilating_truth,
          minmay_statue_crystal_thing, uniq_gastronok
Temple:   regret_index_temple_waves

Skill      XL: |  1  2  3  4  5  6  7  8  9 10 |
---------------+-------------------------------+-----
Stealth        | 3 4 5 6 |  6.8
Fighting       | 1 2 7 8 9 |  9.2
Spellcasting   | 3 7 8 |  8.7
Conjurations   | 5 8 9 10 | 10.0
Dodging        | 5 6 |  6.7
Hexes          | |  0.6

Action                   |  1- 3 |  4- 6 |  7- 9 | 10-12 || total
-------------------------+-------+-------+-------+-------++-------
Melee: Unarmed           |     9 |       |       |       ||     9
       Constrict         |     3 |     2 |    17 |    14 ||    36
       Tentacles         |     2 |     2 |     8 |    10 ||    22
       Mace              |       |    23 |    49 |       ||    72
       Falchion          |       |       |     3 |    30 ||    33
 Cast: Magic Dart        |    44 |    71 |   225 |    82 ||   422
       Searing Ray       |       |     2 |    30 |    30 ||    62
       Fulminant Prism   |       |       |     3 |     1 ||     4
       Iskenderun's Myst |       |       |     1 |     7 ||     8
       Slow              |       |       |       |     5 ||     5
  Use: Scroll            |       |     8 |     6 |       ||    14
       Potion            |       |     5 |       |     1 ||     6
 Stab: Sleeping          |     1 |       |     1 |     1 ||     3
       Paralysed         |       |       |       |     1 ||     1
Armor: Skin              |     1 |    16 |     9 |     2 ||    28
Dodge: Dodged            |    15 |    22 |   152 |    70 ||   259
       Rpst.: Falchion   |       |       |    10 |    21 ||    31

Table legend: (Time is in decaauts)
 A = Elapsed time spent in this place.
 B = Non-inter-level travel time spent in this place.
 C = Inter-level travel time spent in this place.
 D = Time resting spent in this place.
 E = Time spent auto-exploring this place.
 F = Levels seen in this place.
 G = Mean time per level.
                   A        B        C        D        E       F      G
               +--------+--------+--------+--------+--------+-----+--------+
         Total |   9611 |   9268 |    343 |    783 |   7011 |  11 |  873.7 |
       Dungeon |   8843 |   8561 |    282 |    706 |   6570 |   9 |  982.6 |
        Temple |    140 |     80 |     60 |      0 |     69 |   1 |  140.0 |
       Ossuary |    627 |    627 |      0 |     77 |    372 |   1 |  627.0 |
               +--------+--------+--------+--------+--------+-----+--------+

Top non-repeatable levels by time:
     D:8: 1815 daAuts
     D:2: 1151 daAuts
     D:4: 1096 daAuts
     D:7: 1015 daAuts
     D:3: 826 daAuts
     D:1: 817 daAuts
     D:9: 762 daAuts
     D:6: 705 daAuts
     D:5: 652 daAuts
 Ossuary: 627 daAuts
  Temple: 140 daAuts
